 Dungeon Crawl Stone Soup version 0.24.0-123-gd5b16e6ec5 (webtiles) character file.

Game seed: 15572619078125038532, levelgen mode: deterministic

245 FishyPogo the Charmwright (level 6, -3/50 HPs)
             Began as a Gnoll Skald on Feb 3, 2020.
             Was a Follower of Kikubaaqudgha.
             Killed from afar by an orc wizard (11 damage)
             ... with a puff of flame
             ... on level 3 of the Dungeon.
             The game lasted 00:09:06 (2923 turns).

FishyPogo the Charmwright (Gnoll Skald)             Turns: 2923, Time: 00:09:09

Health: -3/50      AC:  5    Str: 15    XL:     6   Next: 10%
Magic:  2/13       EV: 14    Int: 15    God:    Kikubaaqudgha [*.....]
Gold:   67         SH:  0    Dex: 15    Spells: 3/15 levels left

rFire    . . .     SeeInvis .   a - +0 short sword
rCold    . . .     Gourm    .   (no shield)
rNeg     . . .     Faith    .   b - +0 leather armour
rPois    .         Spirit   .   i - +0 helmet (curse)
rElec    .         Reflect  .   (no cloak)
rCorr    .         Harm     .   j - +0 pair of gloves
MR       .....                  (no boots)
Stlth    ++........             (no amulet)
HPRegen  0.16/turn              (no ring)
MPRegen  0.13/turn              (no ring)

@: shrouded (expiring)
A: distributed training, fangs 1, strong nose
a: Receive Corpses, Renounce Religion


You were on level 3 of the Dungeon.
You worshipped Kikubaaqudgha.
Kikubaaqudgha was aware of your devotion.
You were not hungry.

You visited 1 branch of the dungeon, and saw 3 of its levels.

You collected 67 gold pieces.

Inventory:

Hand Weapons
 a - a +0 short sword (weapon)
 q - a +2 mace of protection
Missiles
 f - 42 sling bullets
 k - 78 stones (quivered)
 o - 39 poisoned darts
Armour
 b - a +0 leather armour (worn)
 i - a cursed +0 helmet (worn)
 j - a +0 pair of gloves (worn)
Scrolls
 c - a scroll of fog {unknown}
 e - a scroll of fear {unknown}
 l - 2 scrolls of identify {unknown}
 m - a scroll of magic mapping {unknown}
 n - a scroll of teleportation {unknown}
 r - a scroll of amnesia {unknown}
 t - a scroll of remove curse {unknown}
Potions
 g - a potion of brilliance {unknown}
 h - a potion of magic {unknown}
 p - a potion of curing {unknown}
Comestibles
 d - 6 rations
 s - 5 chunks of flesh


   Skills:
 + Level 4.9 Fighting
 + Level 4.9 Short Blades
 + Level 1.7 Long Blades
 + Level 1.7 Axes
 + Level 1.7 Maces & Flails
 + Level 1.7 Polearms
 + Level 1.7 Staves
 + Level 1.7 Slings
 + Level 1.7 Bows
 + Level 1.7 Crossbows
 + Level 1.7 Throwing
 + Level 3.1 Armour
 + Level 4.9 Dodging
 + Level 1.7 Stealth
 + Level 1.7 Shields
 + Level 1.7 Unarmed Combat
 + Level 5.3 Spellcasting
 + Level 1.3 Conjurations
 + Level 1.3 Hexes
 + Level 5.6 Charms
 + Level 1.3 Summonings
 + Level 1.3 Necromancy
 + Level 1.3 Translocations
 + Level 1.3 Transmutations
 + Level 1.3 Fire Magic
 + Level 1.3 Ice Magic
 + Level 1.3 Air Magic
 + Level 1.3 Earth Magic
 + Level 1.3 Poison Magic
 + Level 2.0 Invocations
 + Level 1.7 Evocations


You had 3 spell levels left.
You knew the following spells:

 Your Spells              Type           Power        Failure   Level  Hunger
a - Pain                  Necr           #...         11%         1    None
h - Regeneration          Chrm/Necr      ##........   14%         3    ###....
n - Spectral Weapon       Hex/Chrm       ##......     14%         3    ###....
p - Shroud of Golubria    Chrm/Tloc      ##....       7%          2    ##.....
u - Song of Slaying       Chrm           ###.....     3%          2    ##.....
y - Infusion              Chrm           ###.         1%          1    None

Your spell library contained the following spells:

 Spells                   Type           Power        Failure   Level  Hunger
 Corpse Rot               Necr           N/A          17%         2    ##.....
 Sublimation of Blood     Necr           #.........   17%         2    ##.....
 Vampiric Draining        Necr           #.........   32%         3    ###....


Dungeon Overview and Level Annotations

Branches:
Dungeon (3/15)

Altars:
Fedhas
Kikubaaqudgha
Xom


Innate Abilities, Weirdness & Mutations

Your experience applies equally to all skills.
You have very sharp teeth.
Your uncanny sense of smell can sniff out nearby items.


Message History

* * * LOW HITPOINT WARNING * * *
You hit something. Your bite misses something.
A magic dart appears from out of thin air!
The magic dart hits you.
* * * LOW HITPOINT WARNING * * *
You barely miss the orc. You hit the orc but do no damage.
The orc hits you but does no damage.
You hit the orc but do no damage. The orc misses you.
You hit the orc.
The orc is almost dead.
You hit something.
The orc wizard casts a spell.
The orc wizard blinks!
You hit something but do no damage. You bite something.
Your shroud begins to fray at the edges.
You hear some strange, mumbled words.
A puff of flame appears from out of thin air!
The puff of flame hits you!
You die...
Kikubaaqudgha rasps: "You have failed me!
Welcome... death!"

#.....(...#.#
#.......
#......##.#.#
#......#
#.......#.#.#
##...)... #'#)#.#.#
#....#### #...#.#.#
#....###
#o..#.#.####......#
#)#........+......#
#§###.#.####......#
#o{@..#.# #....####
.#######.# #....#
.........# #....#
#......####....##
+.......))'.....#
#......####.....#
######## #.....#
#####.#∆ .#


You could see an orc.

Vanquished Creatures
  An orc priest (D:2)
  A hound (D:2)
  An orc wizard (D:3)
  Natasha (thrice) (D:2)
  An adder (D:2)
  2 dart slugs (D:1)
  3 leopard geckos
  6 orcs
  2 giant cockroaches (D:2)
  4 goblins
  7 hobgoblins
  2 jackals (D:2)
  A quokka (D:2)
  2 ball pythons (D:2)
  6 bats (D:1)
  4 frilled lizards
  8 kobolds
  13 rats
67 creatures vanquished.

Notes
Turn   | Place    | Note
-------+----------+-------------------------------------------
     0 | D:1      | FishyPogo the Gnoll Skald began the quest for the Orb.
     0 | D:1      | Reached XP level 1. HP: 20/20 MP: 6/6
   152 | D:1      | Reached XP level 2. HP: 26/26 MP: 7/7
   156 | D:1      | Learned a level 2 spell: Song of Slaying
   159 | D:1      | Learned a level 2 spell: Shroud of Golubria
   359 | D:1      | Reached XP level 3. HP: 20/31 MP: 9/9
   363 | D:1      | Reached skill level 5 in Spellcasting
   373 | D:1      | Learned a level 3 spell: Regeneration
   378 | D:1      | Learned a level 3 spell: Spectral Weapon
   727 | D:2      | Reached skill level 1 in Long Blades
   727 | D:2      | Reached skill level 1 in Axes
   727 | D:2      | Reached skill level 1 in Maces & Flails
   727 | D:2      | Reached skill level 1 in Polearms
   727 | D:2      | Reached skill level 1 in Staves
   727 | D:2      | Reached skill level 1 in Slings
   727 | D:2      | Reached skill level 1 in Bows
   727 | D:2      | Reached skill level 1 in Crossbows
   727 | D:2      | Reached skill level 1 in Throwing
   727 | D:2      | Reached skill level 1 in Stealth
   727 | D:2      | Reached skill level 1 in Shields
   727 | D:2      | Reached skill level 1 in Unarmed Combat
   727 | D:2      | Reached skill level 1 in Invocations
   727 | D:2      | Reached skill level 1 in Evocations
   727 | D:2      | Reached XP level 4. HP: 20/38 MP: 8/11
  1028 | D:2      | Found a shimmering altar of Xom.
  1030 | D:2      | Found a blossoming altar of Fedhas.
  1127 | D:2      | Noticed Natasha
  1227 | D:2      | Found a faded altar of an unknown god.
  1233 | D:2      | Became a worshipper of Kikubaaqudgha
  1233 | D:2      | Reached * piety under Kikubaaqudgha
  1233 | D:2      | Identified Kikubaaqudgha's Reference Book on Evil Arts
                  | (Kikubaaqudgha gifted it to you on level 2 of the Dungeon)
  1233 | D:2      | Received a gift from Kikubaaqudgha
  1237 | D:2      | Learned a level 1 spell: Pain
  1530 | D:2      | Reached skill level 1 in Conjurations
  1530 | D:2      | Reached skill level 1 in Hexes
  1530 | D:2      | Reached skill level 1 in Summonings
  1530 | D:2      | Reached skill level 1 in Necromancy
  1530 | D:2      | Reached skill level 1 in Translocations
  1530 | D:2      | Reached skill level 1 in Transmutations
  1530 | D:2      | Reached skill level 1 in Fire Magic
  1530 | D:2      | Reached skill level 1 in Ice Magic
  1530 | D:2      | Reached skill level 1 in Air Magic
  1530 | D:2      | Reached skill level 1 in Earth Magic
  1530 | D:2      | Reached skill level 1 in Poison Magic
  1545 | D:2      | Killed Natasha
  1545 | D:2      | Reached XP level 5. HP: 14/43 MP: 8/12
  1862 | D:2      | Noticed Natasha
  1872 | D:2      | Killed Natasha
  2104 | D:2      | Found a shimmering altar of Xom.
  2105 | D:2      | Noticed Natasha
  2106 | D:2      | Found a blossoming altar of Fedhas.
  2236 | D:2      | Found an ancient bone altar of Kikubaaqudgha.
  2620 | D:2      | Found a shimmering altar of Xom.
  2622 | D:2      | Found a blossoming altar of Fedhas.
  2690 | D:2      | Killed Natasha
  2867 | D:3      | Reached XP level 6. HP: 13/50 MP: 3/13
  2923 | D:3      | Killed from afar by an orc wizard

Levels and vault maps discovered:
D:1:      lightli_molten_gateway, layout_rooms
D:2:      layout_basic, nicolae_overflow_hidden_temple,
          chequers_ecumenical_altar_simple_redux, uniq_natasha
D:3:      layout_basic, kennysheep_generic_room_13

Skill      XL: |  1  2  3  4  5 |
---------------+----------------+-----
Spellcasting   | 5 |  5.3
Long Blades    | 1 |  1.7
Axes           | 1 |  1.7
Maces & Flails | 1 |  1.7
Polearms       | 1 |  1.7
Staves         | 1 |  1.7
Slings         | 1 |  1.7
Bows           | 1 |  1.7
Crossbows      | 1 |  1.7
Throwing       | 1 |  1.7
Stealth        | 1 |  1.7
Shields        | 1 |  1.7
Unarmed Combat | 1 |  1.7
Invocations    | 1 2 |  2.0
Evocations     | 1 |  1.7
Conjurations   | 1 |  1.3
Hexes          | 1 |  1.3
Summonings     | 1 |  1.3
Necromancy     | 1 |  1.3
Translocations | 1 |  1.3
Transmutations | 1 |  1.3
Fire Magic     | 1 |  1.3
Ice Magic      | 1 |  1.3
Air Magic      | 1 |  1.3
Earth Magic    | 1 |  1.3
Poison Magic   | 1 |  1.3
Armour         | 3 |  3.1
Fighting       | |  4.9
Short Blades   | |  4.9
Dodging        | |  4.9
Charms         | |  5.6

Action                   |  1- 3 |  4- 6 || total
-------------------------+-------+-------++-------
Melee: Short sword       |   128 |   178 ||   306
       Bite              |    15 |    13 ||    28
       Punch             |       |     1 ||     1
 Cast: Shroud of Golubri |     5 |    12 ||    17
       Pain              |       |    14 ||    14
       Regeneration      |       |    10 ||    10
  Use: Potion            |       |     2 ||     2
 Stab: Sleeping          |     2 |       ||     2
  Eat: Chunk             |       |     8 ||     8
Armor: Leather armour    |    46 |    23 ||    69
Dodge: Dodged            |    92 |    99 ||   191
